 Dungeon Crawl Stone Soup version 0.30-a0-465-g8901f6c8b5 (webtiles) character file.

Game seed: 8094317504560897403

119 oldriver the Shooter (level 5, -3/41 HPs)
             Began as a Barachi Hexslinger on Dec 18, 2022.
             Slain by an orc
             ... wielding a +0 flail
              (7 damage)
             ... on level 3 of the Dungeon.
             The game lasted 00:03:15 (2793 turns).

oldriver the Shooter (Barachi Hexslinger)           Turns: 2793, Time: 00:03:16

Health: -3/41      AC:  7    Str: 11    XL:     5   Next: 3%
Magic:  6/6        EV:  9    Int: 14    God:
Gold:   152        SH:  0    Dex: 14    Spells: 5/6 levels left

rFire   . . .      SeeInvis .    a - +1 sling
rCold   . . .      Faith    .    (no shield)
rNeg    . . .      Spirit   .    p - +0 scale mail
rPois   +          Reflect  .    (no helmet)
rElec   .          Harm     .    f - +0 cloak
rCorr   .          Rampage  .    (no gloves)
Will    .....                    (no boots)
Stlth   ..........               (no amulet)
HPRegen 0.26/turn                h - ring of wizardry
MPRegen 0.10/turn                o - ring of poison resistance

@: unable to hop, slow
A: amphibious, slowness 1, strong legs 1, +LOS
a: Hop


You were on level 3 of the Dungeon.
You visited 1 branch of the dungeon, and saw 3 of its levels.

You collected 152 gold pieces.

Inventory:

Hand Weapons
 a - a +1 sling (weapon)
 u - a +2 hand axe of flaming
Armour
 f - a +0 cloak (worn)
 p - a +0 scale mail (worn)
Jewellery
 h - a ring of wizardry (left hand)
 o - a ring of poison resistance (right hand)
 s - an amulet of the acrobat
 t - a ring of ice
Scrolls
 b - 2 scrolls of poison
 c - a scroll of vulnerability {unknown}
 d - a scroll of identify
 j - 2 scrolls of enchant weapon
 l - a scroll of teleportation
 m - a scroll of noise {unknown}
 n - a scroll of fog {unknown}
 r - a scroll of brand weapon {unknown}
Potions
 e - 2 potions of mutation {unknown}
 g - a potion of flight {unknown}
 i - 2 potions of heal wounds {unknown}
 k - 3 potions of curing {unknown}
 q - 2 potions of degeneration {unknown}


   Skills:
 + Level 3.1 Fighting
 * Level 4.1 Ranged Weapons
 + Level 1.1 Armour
 - Level 2.1 Dodging
 - Level 1.1 Spellcasting
 - Level 3.2 Hexes


You had 5 spell levels left.
You knew the following spells:

 Your Spells              Type           Power      Damage    Failure   Level
a - Slow                  Hex            36%        N/A       16%         1

Your spell library contained the following spells:

 Spells                   Type           Power      Damage    Failure   Level
 Sandblast                Erth           0%         2d4       50%         1
 Blink                    Tloc           0%         N/A       65%         2
 Momentum Strike          Conj/Tloc      0%         3d8       65%         2
 Passwall                 Tmut/Erth      0%         N/A       65%         2
 Inner Flame              Hex/Fire       5%         N/A       65%         3
 Portal Projectile        Hex/Tloc       10%        N/A       65%         3
 Cause Fear               Hex            4%         N/A       82%         4
 Lesser Beckoning         Tloc           0%         N/A       86%         3
 Ozocubu's Armour         Ice            0%         N/A       86%         3
 Stone Arrow              Conj/Erth      0%         3d7       86%         3
 Ozocubu's Refrigeration  Ice            0%         4d7       100%        7


Dungeon Overview and Level Annotations

Branches:
Dungeon (3/15)

Altars:
The Shining One


Innate Abilities, Weirdness & Mutations

You are amphibious.
You cover ground slowly.
You can hop short distances.
You have an extended range of vision and can be seen from far away.


Message History

The orc is heavily wounded.
The orc hits you with a +0 flail. The orc hits you but does no damage.
You shoot a sling bullet. The sling bullet hits the orc.
The orc is almost dead.
The orc hits you with a +0 flail! The orc hits you with a +0 flail.
You are too injured to fight recklessly!
You are too injured to fight recklessly!
Hop to where?
Press: ? - help, Dir - move target, p - orc Boing!
The orc shouts!
Unknown command.
Fire: a) +1 sling
Press: ? - help, Shift-Dir - straight line, f - orc
Aim: an orc, wielding a +0 flail and wearing a +0 chain mail (severely wounded, berserk, 68% to hit)
You shoot a sling bullet.
The sling bullet hits the orc but does no damage.
The orc is severely wounded.
The orc rages.
The orc barely misses you.
Fire: a) +1 sling
Press: ? - help, Shift-Dir - straight line, f/p - orc
Aim: an orc, wielding a +0 flail and wearing a +0 chain mail (severely wounded, berserk, 68% to hit)
You shoot a sling bullet. The sling bullet hits the orc.
The orc is almost dead.
The orc hits you with a +0 flail.
* * * LOW HITPOINT WARNING * * *
The orc hits you with a +0 flail.
* * * LOW HITPOINT WARNING * * *
The orc hits you with a +0 morningstar of protection.
* * * LOW HITPOINT WARNING * * *
Okay, then.
Press: ? - help, v - describe, . - travel
Here: an orc, wielding a +0 flail and wearing a +0 chain mail (almost dead, berserk)
The floor.
As you read the scroll labelled MEARUN HOUVI, it crumbles to dust.
It is a scroll of identify.
j - 2 scrolls of enchant weapon The orc hits you with a +0 flail!
You die...

.## #####.#.#########.####.####
## #...............>..........
#.###.#..######.######.###. #.#
#.##.# #.# #.# #.
####.###.##.######.#### #.# #.
#.....................# #.# #.
#.##..†).....#####.##.# #.###.
#.##.###.##.######.##.# #.....
#.##.# #.##..@o..#.##.# ###.##
#.##.###.##.o###.#.##.# #.#
#.#...##.....# #.#.##.# #.#
##.##..#####..###.#(##.## #.#
###...#..# #.......<[...####.#
......†..# #.##............#.#
###.[<##.#####.##.##......##.#.#
##.###..........######.###.#.##
#...........##.# #..# #.#...


You could see 2 orcs.

Vanquished Creatures
  An orc priest (D:3)
  2 adders
  2 worms (D:2)
  An orc (D:3)
  7 endoplasms
  2 giant cockroaches
  6 goblins (D:1)
  6 hobgoblins
  3 jackals (D:2)
  6 kobolds
  7 quokkas
  8 ball pythons
  3 bats
  2 frilled lizards
  5 rats
61 creatures vanquished.

Notes
Turn   | Place    | Note
-------+----------+-------------------------------------------
     0 | D:1      | oldriver the Barachi Hexslinger began the quest for the
                  | Orb.
     0 | D:1      | Reached XP level 1. HP: 15/15 MP: 2/2
   164 | D:1      | Reached XP level 2. HP: 22/22 MP: 3/3
   318 | D:1      | Found a faded altar of an unknown god.
   458 | D:1      | Reached skill level 3 in Ranged Weapons
   459 | D:1      | Reached XP level 3. HP: 22/27 MP: 4/4
  1564 | D:2      | Found a glowing golden altar of the Shining One.
  1580 | D:2      | Reached XP level 4. HP: 34/34 MP: 5/5
  2752 | D:3      | Reached skill level 4 in Ranged Weapons
  2752 | D:3      | Reached skill level 1 in Armour
  2752 | D:3      | Reached XP level 5. HP: 40/41 MP: 6/6
  2793 | D:3      | Slain by an orc

Illustrated notes

Levels and vault maps discovered:
D:1:      amcnicky_arrival_choice, layout_loops_ring,
          shapermc_ecumenical_altar_acropolis, minmay_vboxes
D:2:      layout_loops_corners, basic_altar, minmay_hedge_maze,
          nrook_mini_backslash
D:3:      layout_loops_ring

Skill      XL: |  1  2  3  4 |
---------------+-------------+-----
Fighting       | 2 3 |  3.1
Ranged Weapons | 3 4 |  4.1
Armour         | 1 |  1.1
Dodging        | |  2.1
Spellcasting   | |  1.1
Hexes          | |  3.2

Action                   |  1- 3 |  4- 6 || total
-------------------------+-------+-------++-------
 Fire: Sling             |   166 |    73 ||   239
 Abil: Hop               |     4 |     1 ||     5
  Use: Scroll            |       |     3 ||     3
Armor: Robe              |    14 |       ||    14
       Scale mail        |       |    23 ||    23
Dodge: Dodged            |    50 |    25 ||    75

Table legend: (Time is in decaauts)
 A = Elapsed time spent in this place.
 B = Non-inter-level travel time spent in this place.
 C = Inter-level travel time spent in this place.
 D = Time resting spent in this place.
 E = Time spent auto-exploring this place.
 F = Levels seen in this place.
 G = Mean time per level.
                   A        B        C        D        E       F      G
               +--------+--------+--------+--------+--------+-----+--------+
         Total |   3251 |   3034 |    217 |    501 |   2049 |   3 | 1083.7 |
       Dungeon |   3251 |   3034 |    217 |    501 |   2049 |   3 | 1083.7 |
               +--------+--------+--------+--------+--------+-----+--------+

Top non-repeatable levels by time:
     D:1: 1273 daAuts
     D:2: 1224 daAuts
     D:3: 753 daAuts
